 Dungeon Crawl Stone Soup version 0.23.1 (webtiles) character file.

Game seed: 5422569297735194576

2277 Chiseanne the Covert (level 9, -4/65 HPs)
             Began as an Octopode Monk on Mar 2, 2019.
             Was an Initiate of Gozag.
             Slain by an orc warrior
             ... wielding a +0 war axe
              (13 damage)
             ... on level 7 of the Dungeon.
             The game lasted 00:23:24 (5617 turns).

Chiseanne the Covert (Octopode Monk)                Turns: 5617, Time: 00:23:24

Health: -4/65      AC:  1    Str: 11    XL:     9   Next: 39%
Magic:  9/9        EV: 18    Int: 12    God:    Gozag
Gold:   26         SH:  0    Dex: 17    Spells: 8/8 levels left

rFire    + . .     SeeInvis .   a - +3 battleaxe
rCold    + . .     Gourm    .   (shield currently unavailable)
rNeg     . . .     Faith    .   (helmet restricted)
rPois    +         Spirit   .   (no amulet)
rElec    .         Reflect  .   j - ring of protection from cold
rCorr    .         Harm     .   g - ring of poison resistance
MR       .....                  i - ring of protection from fire
Stlth    ++++++....             (no ring)
HPRegen  0.20/turn              (no ring)
MPRegen  0.11/turn              (no ring)
                                (no ring)
                                (no ring)

@: gold aura
A: almost no armour, stealthy swim, amphibious, 8 rings, constrict 8, camouflage
1, gelatinous body 1
a: Potion Petition, Call Merchant, Bribe Branch, Renounce Religion


You were on level 7 of the Dungeon.
You worshipped Gozag.
Gozag was noncommittal.
You were full.

You visited 2 branches of the dungeon, and saw 8 of its levels.

You collected 702 gold pieces.
You spent 676 gold pieces at shops.

Inventory:

Hand Weapons
 a - a +3 battleaxe (weapon)
 o - a cursed +3 long sword
 s - a +2 hand axe of venom
 z - the cursed +0 short sword "Buireac" {elec, -Tele rN+ MR+ SInv}
   (You found it on level 5 of the Dungeon)

   Occasionally, upon striking a foe, it will discharge some electrical energy
   and cause terrible harm.
   It protects you from negative energy.
   It affects your resistance to hostile enchantments.
   It lets you see invisible.
   It prevents most forms of teleportation.
   It has a curse placed upon it.
Missiles
 c - 145 stones (quivered)
 h - 112 sling bullets
 k - 114 arrows
 l - 26 poisoned needles
 m - 76 bolts
Jewellery
 g - a ring of poison resistance (right tentacle)
 i - a ring of protection from fire (on tentacle)
 j - a ring of protection from cold (left tentacle)
Wands
 f - a wand of paralysis (7)
Scrolls
 d - 4 scrolls of teleportation
 t - a scroll of magic mapping
 u - 2 scrolls of amnesia
 v - 2 scrolls of fog
 y - 5 scrolls of identify
Potions
 e - 3 potions of heal wounds
 n - 4 potions of brilliance
 p - a potion of resistance
 r - a potion of flight
 w - a potion of agility
 x - a potion of curing
 C - a potion of haste {unknown}
Comestibles
 b - 11 rations


   Skills:
 * Level 7.7 Fighting
 - Level 3.0 Axes
 * Level 7.7 Dodging
 * Level 10.3 Stealth


You had 8 spell levels left.
You didn't know any spells.
Your spell library contained the following spells:

 Spells                   Type           Power        Failure   Level  Hunger
 Summon Small Mammal      Summ           #...         32%         1    ##.....
 Call Imp                 Summ           #.......     45%         2    ###....
 Call Canine Familiar     Summ           #.......     69%         3    ####...
 Summon Guardian Golem    Hex/Summ       #.......     69%         3    ####...
 Summon Ice Beast         Ice/Summ       #.......     97%         4    #####..
 Summon Lightning Spire   Summ/Air       #.......     97%         4    #####..


Dungeon Overview and Level Annotations

Branches:
Dungeon (7/15)             Temple (1/1) D:4

Altars:
Cheibriados
Gozag
Kikubaaqudgha
Makhleb
Qazlal
Ru
Sif Muna
Vehumet

Shops:
D:4 (**:*   D:6 [


Innate Abilities, Weirdness & Mutations

You cannot wear most types of armour.
You are very stealthy in the water. (Stealth+)
You are amphibious.
You can wear up to eight rings at the same time.
You can use your tentacles to constrict eight enemies at once.
Your skin changes colour to match your surroundings (Stealth+).
Your rubbery body absorbs attacks. (AC +1, EV +1)


Message History

The ogre is severely wounded.
An orc warrior comes into view. It is wielding a +0 mace.
The orc wizard gestures wildly while chanting.
The orc wizard seems to speed up.
The ogre completely misses you.
The orc warrior moves out of view.
Something shouts, "Run away, thou craven hedge-born flim-flammer!"
You slice the ogre!!
You kill the ogre!
Your life force feels restored.
A shadow imp comes into view.
The orc warrior hits you with a +0 war axe!
* * * LOW HITPOINT WARNING * * *
As you read the scroll of summoning, it crumbles to dust.
Wisps of shadow whirl around you...
The orc priest invokes the aid of Beogh against you.
Beogh smites you!
* * * LOW HITPOINT WARNING * * *
The orc warrior hits you with a +0 war axe!
You die...
Your body crumbles into a pile of gold.

####...###..##.#.#
#### ##.##
#..##.#.# #.#
#.....#.#
#.#####.####.######
#..........(.......
#######.##########.
...#.#
#########.#.######
#...Fs@............
#.###5oO..#.#######
##o####.# #o# #.#
#.# #./ .5. #.# ...
#.# .... .#


You could see an orc warrior, an orc priest, an orc wizard, a shadow imp, a
friendly ogre, a friendly bullfrog, a friendly scorpion and a friendly crimson
imp.

Vanquished Creatures
  Pikel (D:5)
  Sigmund (D:5)
  3 ogres
  A centaur (D:5)
  Blork the orc (D:4)
  4 bullfrogs
  9 wights
  A vampire bat (D:5)
  A crimson imp (D:5)
  A bullfrog zombie (D:5)
  5 orc priests
  6 worker ants
  Robin (D:2)
  A howler monkey skeleton (D:6)
  5 adders
  A shadow imp (D:5)
  An ooze (D:2)
  An adder skeleton (D:4)
  3 worms
  2 dart slugs
  7 leopard geckos
  17 orcs
  A bat skeleton (D:5)
  3 bat zombies (D:5)
  6 giant cockroaches
  10 hobgoblins
  22 jackals
  4 quokkas
  3 bats
  2 frilled lizards
  19 goblins
  7 kobolds
  9 rats
159 creatures vanquished.

Vanquished Creatures (others)
  A hound (D:5)
1 creature vanquished.

Grand Total: 160 creatures vanquished

Notes
Turn   | Place    | Note
-------+----------+-------------------------------------------
     0 | D:1      | Chiseanne the Octopode Monk began the quest for the Orb.
     0 | D:1      | Reached XP level 1. HP: 16/16 MP: 1/1
    94 | D:1      | Reached skill level 3 in Stealth
   102 | D:1      | Reached XP level 2. HP: 21/21 MP: 2/2
   476 | D:1      | Reached XP level 3. HP: 16/26 MP: 3/3
  1012 | D:2      | Noticed Robin
  1319 | D:2      | Killed Robin
  1319 | D:2      | Reached skill level 4 in Stealth
  1319 | D:2      | Reached XP level 4. HP: 20/33 MP: 4/4
  2226 | D:3      | Reached XP level 5. HP: 37/37 MP: 5/5
  2473 | D:3      | Found a burning altar of Makhleb.
  2819 | D:4      | Found Keqengef's General Store.
  2820 | D:4      | Noticed an ogre
  2834 | D:4      | Killed an ogre
  2834 | D:4      | Reached skill level 5 in Stealth
  2834 | D:4      | Reached XP level 6. HP: 43/44 MP: 6/6
  2843 | D:4      | Found a staircase to the Ecumenical Temple.
  2859 | Temple   | Entered the Ecumenical Temple
  2897 | Temple   | Became a worshipper of Gozag Ym Sagoz the Greedy
  3041 | D:4      | Found Ceematam's General Store.
  3066 | D:4      | Bought a scroll of fog for 28 gold pieces
  3066 | D:4      | Bought a potion of heal wounds for 70 gold pieces
  3066 | D:4      | Bought a scroll of identify for 28 gold pieces
  3067 | D:4      | Noticed Blork the orc
  3081 | D:4      | Killed Blork the orc
  3121 | D:4      | Found Midozal's Assorted Antiques.
  3124 | D:4      | Bought a fizzy dark potion for 22 gold pieces
  3144 | D:4      | Bought a scroll of identify for 26 gold pieces
  3156 | D:4      | Found Yllex's Book Boutique.
  3240 | D:4      | Reached skill level 5 in Fighting
  3240 | D:4      | Reached skill level 5 in Dodging
  3240 | D:4      | Reached skill level 6 in Stealth
  3241 | D:4      | Found a sacrificial altar of Ru.
  3390 | D:4      | Found Ydiyntop's Weapon Shop.
  3526 | D:4      | Bought a scroll of identify for 50 gold pieces
  3539 | D:5      | Entered Level 5 of the Dungeon
  3539 | D:5      | Noticed Sigmund
  3544 | D:5      | Killed Sigmund
  3544 | D:5      | Reached XP level 7. HP: 50/50 MP: 7/7
  3595 | D:5      | Reached skill level 7 in Stealth
  3920 | D:5      | Noticed Pikel
  3927 | D:5      | Killed Pikel
  3927 | D:5      | Reached skill level 8 in Stealth
  3927 | D:5      | Reached XP level 8. HP: 42/58 MP: 8/8
  4117 | D:5      | Found a stormy altar of Qazlal.
  4174 | D:5      | Got a fine short sword
  4210 | D:4      | Bought 3 scrolls of identify for 150 gold pieces
  4210 | D:4      | Bought a scroll of identify for 50 gold pieces
  4210 | D:4      | Bought a scroll labeled ZODDAU YVY WAE for 25 gold pieces
  4213 | D:4      | Identified the cursed +0 short sword "Buireac" {elec, -Tele
                  | rN+ MR+ SInv} (You found it on level 5 of the Dungeon)
  4272 | D:5      | Found an ancient bone altar of Kikubaaqudgha.
  4467 | D:6      | Reached skill level 9 in Stealth
  4699 | D:5      | Reached XP level 9. HP: 30/64 MP: 9/9
  5061 | D:6      | Reached skill level 10 in Stealth
  5197 | D:6      | Found Wiupp's Armour Shoppe.
  5461 | D:4      | Bought a potion of curing for 39 gold pieces
  5461 | D:4      | Bought a ration for 65 gold pieces
  5461 | D:4      | Bought a scroll of summoning for 123 gold pieces
  5617 | D:7      | Slain by an orc warrior

Skill      XL: |  1  2  3  4  5  6  7  8  9 |
---------------+----------------------------+-----
Stealth        | 3 4 5 6 8 9 10 | 10.3
Fighting       | 4 5 6 7 |  7.7
Dodging        | 4 5 6 7 |  7.7
Axes           | |  3.0

Action                   |  1- 3 |  4- 6 |  7- 9 || total
-------------------------+-------+-------+-------++-------
Melee: Hand axe          |    66 |    13 |       ||    79
       Constrict         |    18 |    23 |    43 ||    84
       Tentacles         |     9 |    21 |    38 ||    68
       Dagger            |       |    75 |       ||    75
       Short sword       |       |     8 |    82 ||    90
       Scythe            |       |       |    27 ||    27
       Battleaxe         |       |       |    18 ||    18
Evoke: Wand              |       |     1 |       ||     1
  Use: Scroll            |       |    14 |     9 ||    23
       Potion            |       |     2 |     2 ||     4
 Stab: Sleeping          |     8 |    28 |    12 ||    48
       Distracted        |       |     3 |     4 ||     7
  Eat: Chunk             |     1 |     3 |       ||     4
       Ration            |       |     4 |     2 ||     6
Armor: Skin              |     2 |     3 |     4 ||     9
Dodge: Dodged            |    67 |    45 |   129 ||   241
